[Event "Fagernes Chess GM-Swiss 2025"]
[Site "Fagernes"]
[Date "2025.04.20"]
[Round "9.27"]
[White "Gandrud, Vegar Koi"]
[Black "Berget, Eirik"]
[Result "1-0"]
[Annotator "ChessBase"]
[ECO "D02"]
[WhiteElo "2273"]
[BlackElo "2041"]
[PlyCount "137"]
[EventDate "2025.04.12"]
[EventCountry "NOR"]
[SourceTitle "playchess.com"]
[Source "ChessBase"]
[SourceQuality "1"]
[TimeControl "40/6000+30:2400+30"]

1. Nf3 d5 2. g3 c5 3. Bg2 Nf6 4. O-O Nc6 5. d4 cxd4 6. Nxd4 e5 7. Nxc6 bxc6 8. c4 Be7 9. Nc3 Be6 10. Bg5 O-O 11. Bxf6 Bxf6 12. cxd5 cxd5 13. Bxd5 Bh3 14. Bxa8 Qxa8 15. Qd5 Bxf1 16. Qxa8 Rxa8 17. Kxf1 Rb8 18. Rb1 g6 19. b4 Kf8 20. Nd5 Bd8 21. Rb3 Ke8 22. Ra3 Rb5 23. e4 a5 24. bxa5 Bxa5 25. Rb3 Rc5 26. Rb8+ Bd8 27. Ra8 Kd7 28. Ne3 Bb6 29. Ra3 Rc1+ 30. Ke2 Bd4 31. Rd3 Ke6 32. Rd2 f5 33. exf5+ gxf5 34. f4 Bxe3 35. Kxe3 e4 36. Rb2 Rd1 37. Rb6+ Kd5 38. Rb5+ Ke6 39. a4 Rd3+ 40. Kf2 Ra3 41. a5 Ra2+ 42. Ke3 Rxh2 43. Rb6+ Ke7 44. a6 Ra2 45. Rh6 Kf8 46. Rf6+ Kg7 47. Rxf5 Rxa6 48. Kxe4 Kg6 49. Rg5+ Kf6 50. Kf3 Ra8 51. Kg4 Ra1 52. Rb5 Ra6 53. Rb4 Kg6 54. Kh4 Rc6 55. Rb5 h6 56. g4 Rc1 57. f5+ Kg7 58. Rb7+ Kf6 59. Rb6+ Kg7 60. Rg6+ Kh7 61. Kg3 Rc4 62. Kf3 Ra4 63. Re6 Kg7 64. Re7+ Kf6 65. Rh7 Ra3+ 66. Kf4 Ra4+ 67. Kg3 Kg5 68. Rg7+ Kf6 69. Rg6+ 1-0

[Event "Fagernes Chess GM-Swiss 2025"]
[Site "Fagernes"]
[Date "2025.04.20"]
[Round "9.28"]
[White "Halvorsen, Benjamin"]
[Black "Stromhaug, Kristoffer Wang"]
[Result "1-0"]
[Annotator "NA"]
[ECO "B38"]
[WhiteElo "1966"]
[BlackElo "2020"]
[PlyCount "65"]
[EventDate "2025.04.12"]
[EventCountry "NOR"]
[SourceTitle "playchess.com"]
[Source "ChessBase"]
[SourceQuality "1"]
[TimeControl "40/6000+30:2400+30"]

1. e4 c5 2. Nf3 g6 3. d4 cxd4 4. Nxd4 Bg7 5. c4 Nc6 6. Be3 Qb6 7. Nb3 Qd8 8. Nd4 d6 9. Nc3 Nf6 10. Be2 O-O 11. O-O Be6 12. Qd2 Ne5 13. Nxe6 fxe6 14. f3 b6 15. Rac1 Rc8 16. Nb5 Nc6 17. Rfd1 a6 18. Nc3 e5 19. Nd5 Nd7 20. c5 bxc5 21. Bxa6 Rb8 22. Nxe7+ Qxe7 23. Qxd6 Qh4 24. Qxc6 Bh6 25. Bxh6 Rxb2 26. Bc4+ Kh8 27. Bg7+ Kxg7 28. Qxd7+ Kh8 29. Rd2 Qg5 30. Rcd1 Qe3+ 31. Kh1 Rfb8 32. Rxb2 Rxb2 33. Qe8+ 1-0

[Event "Fagernes Chess GM-Swiss 2025"]
[Site "Fagernes"]
[Date "2025.04.20"]
[Round "9.29"]
[White "Haugen, Lars Tormod"]
[Black "Gasland, Lukas Dominik"]
[Result "1/2-1/2"]
[Annotator "NA"]
[ECO "B90"]
[WhiteElo "1988"]
[BlackElo "1994"]
[PlyCount "72"]
[EventDate "2025.04.12"]
[EventCountry "NOR"]
[SourceTitle "playchess.com"]
[Source "ChessBase"]
[SourceQuality "1"]
[TimeControl "40/6000+30:2400+30"]

1. e4 c5 2. Nf3 d6 3. d4 cxd4 4. Nxd4 Nf6 5. Nc3 a6 6. h3 e5 7. Nf3 Be6 8. Ng5 Be7 9. Nxe6 fxe6 10. Bc4 Qc8 11. Bb3 O-O 12. g4 Nc6 13. g5 Ne8 14. Be3 Nd4 15. Bxd4 exd4 16. Qg4 d5 17. Ne2 Bb4+ 18. Kf1 Nd6 19. exd5 e5 20. c3 Qxg4 21. hxg4 Bc5 22. cxd4 exd4 23. Bc2 g6 24. Rc1 Rac8 25. Bd3 Rf3 26. b4 Bb6 27. Rxc8+ Nxc8 28. Nc1 Nd6 29. Ke2 Rf8 30. Nb3 Re8+ 31. Kd2 Re5 32. f4 Rxd5 33. Re1 Kf7 34. Rh1 Kg7 35. Re1 Kf7 36. Rh1 Kg7 1/2-1/2

[Event "Fagernes Chess GM-Swiss 2025"]
[Site "Fagernes"]
[Date "2025.04.20"]
[Round "9.30"]
[White "Hausken, Andreas Skrede"]
[Black "Kaewpitakkun, Pantham"]
[Result "1/2-1/2"]
[Annotator "NA"]
[ECO "B22"]
[WhiteElo "2002"]
[BlackElo "2026"]
[PlyCount "24"]
[EventDate "2025.04.12"]
[EventCountry "NOR"]
[SourceTitle "playchess.com"]
[Source "ChessBase"]
[SourceQuality "1"]
[TimeControl "40/6000+30:2400+30"]

1. e4 c5 2. c3 Nf6 3. e5 Nd5 4. Nf3 Nc6 5. Bc4 Nb6 6. Bb3 d5 7. exd6 Qxd6 8. O-O c4 9. Bc2 Bg4 10. h3 Bh5 11. Re1 e6 12. b3 Be7 1/2-1/2

[Event "Fagernes Chess GM-Swiss 2025"]
[Site "Fagernes"]
[Date "2025.04.20"]
[Round "9.31"]
[White "Wernberg, Nikolai Olsen"]
[Black "Arvola, Daniel"]
[Result "0-1"]
[Annotator "NA"]
[ECO "A34"]
[WhiteElo "1893"]
[BlackElo "2088"]
[PlyCount "74"]
[EventDate "2025.04.12"]
[EventCountry "NOR"]
[SourceTitle "playchess.com"]
[Source "ChessBase"]
[SourceQuality "1"]
[TimeControl "40/6000+30:2400+30"]

1. Nf3 c5 2. g3 Nc6 3. Bg2 e5 4. c4 Nf6 5. Nc3 d6 6. O-O Be7 7. d3 O-O 8. Bg5 Be6 9. Ne1 Nd7 10. Bxe7 Qxe7 11. Nc2 f5 12. Ne3 a6 13. Ned5 Qd8 14. a3 Rb8 15. b4 Ne7 16. Rb1 Nxd5 17. Nxd5 b5 18. Qc2 Nb6 19. Rfc1 Bxd5 20. cxd5 c4 21. dxc4 Nxc4 22. Rb3 e4 23. e3 Qf6 24. Bf1 Ne5 25. Be2 Qh6 26. Kg2 g5 27. Rh1 Rbc8 28. Qb1 Qg6 29. f4 exf3+ 30. Bxf3 Nc4 31. Rd1 Rce8 32. Kf2 Qh6 33. Bg2 f4 34. gxf4 gxf4 35. exf4 Qxf4+ 36. Kg1 Ne3 37. Rdd3 Qf2+ 0-1

[Event "Fagernes Chess GM-Swiss 2025"]
[Site "Fagernes"]
[Date "2025.04.20"]
[Round "9.32"]
[White "Strand, Amund Pihl"]
[Black "Lilliehook, Victor"]
[Result "0-1"]
[Annotator "NA"]
[ECO "A17"]
[WhiteElo "1914"]
[BlackElo "1993"]
[PlyCount "50"]
[EventDate "2025.04.12"]
[EventCountry "NOR"]
[SourceTitle "playchess.com"]
[Source "ChessBase"]
[SourceQuality "1"]
[TimeControl "40/6000+30:2400+30"]

1. c4 e6 2. Nc3 d5 3. e3 Nf6 4. Nf3 c5 5. cxd5 exd5 6. d4 c4 7. Be2 Bb4 8. O-O O-O 9. Qc2 Nc6 10. Ne5 Re8 11. f4 Ne7 12. Bd2 Bxc3 13. bxc3 h5 14. Qd1 h4 15. g4 hxg3 16. hxg3 Ne4 17. g4 f6 18. Nxc4 dxc4 19. Bxc4+ Nd5 20. f5 b6 21. Bc1 Bb7 22. Rf4 Nexc3 23. Qf3 Rc8 24. Bb3 Ba6 25. e4 Bc4 0-1